 Dungeon Crawl Stone Soup version 0.30-a0-779-g7971cf19c3 (console) character file.

Game seed: 11199527206245570385

1507 jejorda2 the Spear-Bearer (level 8, -1/105 HPs)
             Began as a Merfolk Berserker on Feb 17, 2023.
             Was a Priest of Trog.
             Succumbed to a gnoll's poison
             ... on level 5 of the Dungeon.
             The game lasted 00:09:48 (4832 turns).

jejorda2 the Spear-Bearer (Merfolk Berserker)       Turns: 4832, Time: 00:09:48

Health: -1/105     AC: 11    Str: 20    XL:     8   Next: 82%
Magic:  8/8        EV:  9    Int:  6    God:    Trog [***...]
Gold:   211        SH:  0    Dex: 13    Spells: 7/7 levels left

rFire   . . .      SeeInvis .    a - +0 scythe
rCold   . . .      Faith    .    (shield currently unavailable)
rNeg    . . .      Spirit   .    f - +0 chain mail
rPois   .          Reflect  .    k - +0 helmet
rElec   .          Harm     .    o - +0 cloak
rCorr   .          Rampage  .    w - +0 pair of gloves
Will    .....                    (no boots) Stlth
                                 (no amulet)
HPRegen 0.37/turn                (no ring)
MPRegen 0.11/turn                (no ring)

@: berserking, lethally poisoned (-1 -> -31), very quick
A: (nimble swimmer 2), mertail, robust 1, screaming 2, subdued magic 1
a: Renounce Religion, Berserk, Trog's Hand


You were on level 5 of the Dungeon.
You worshipped Trog.
Trog was most pleased with you.
You visited 1 branch of the dungeon, and saw 5 of its levels.

You collected 211 gold pieces.

Inventory:

Hand Weapons
 a - a +0 scythe (weapon)
 b - a +0 trident
Missiles
 p - 5 boomerangs
 q - 41 stones (quivered)
 v - 8 poisoned darts
Armour
 c - a +0 ring mail
 e - +0 fire dragon scales
 f - a +0 chain mail (worn)
 k - a +0 helmet (worn)
 o - a +0 cloak (worn)
 w - a +0 pair of gloves (worn)
Jewellery
 m - a ring of fire
Wands
 h - a wand of iceblast (20)
 u - a wand of flame (24)
Scrolls
 d - a scroll of fear {unknown}
 i - a scroll of blinking {unknown}
 s - a scroll of identify {unknown}
 t - 2 scrolls of teleportation {unknown}
 x - a scroll of vulnerability {unknown}
Potions
 g - a potion of ambrosia
 j - 4 potions of curing {unknown}
 l - 2 potions of resistance {unknown}
 n - a potion of lignification {unknown}
 r - 2 potions of mutation


   Skills:
 - Level 6.0 Fighting
 * Level 12.0 Polearms
 - Level 1.3 Armour
 - Level 6.0 Dodging


You had 7 spell levels left.
You didn't know any spells.
Your spell library was empty.

Dungeon Overview and Level Annotations

Branches:
Dungeon (5/15)
 Temple: D:4-7

Altars:
Fedhas
Uskayaw


Innate Abilities, Weirdness & Mutations

((You are very nimble when in or above water. (Stealth+, EV+, Speed+++)))
Your lower body shifts to a powerful aquatic tail in water.
You are robust. (+10% HP)
You frequently scream uncontrollably at your foes.
Your spells are a little easier to cast, but a little less powerful.


Message History

The gnoll hits you from afar with a +2 spear of venom.
* * * LOW HITPOINT WARNING * * *
You are lethally poisoned!
The gnoll barely misses you.
You slash the gnoll!
The gnoll is almost dead.
* * * LOW HITPOINT WARNING * * *
You feel very sick.
You slice the gnoll!!
You kill the gnoll!
Trog accepts your kill.
* * * LOW HITPOINT WARNING * * *
You feel very sick. The gnoll barely misses you.
The black bear barely misses you.
The black bear claws you but does no damage.
The black bear barely misses you.
Reach: a) +0 scythe
Press: ? - help, Dir - move target, f - gnoll
Aim: a gnoll, wielding a +2 spear of venom (about 35% to evade your +0 scythe)
You reach to attack!
You barely miss the gnoll.
* * * LOW HITPOINT WARNING * * *
You feel very sick.
The gnoll hits you from afar with a +2 spear of venom.
* * * LOW HITPOINT WARNING * * *
You are more poisoned.
The black bear barely misses you. x2
The black bear claws you but does no damage.
Reach: a) +0 scythe
Press: ? - help, Dir - move target, f/p - gnoll
Aim: a gnoll, wielding a +2 spear of venom (about 35% to evade your +0 scythe)
You reach to attack!
You puncture the gnoll!
The gnoll is almost dead.
* * * LOW HITPOINT WARNING * * *
You feel very sick.
Reach: a) +0 scythe
Press: ? - help, Dir - move target, f/p - gnoll
Aim: a gnoll, wielding a +2 spear of venom (almost dead, about 35% to evade your +0 scythe)
You reach to attack!
You barely miss the gnoll.
The gnoll is almost dead.
You die...

##.........#.. .._....
.....###.#.... .......
....##...#..# .......
.....#...#.# .......
.......8...##### .......
...............###)......
...##..8.#.....#.g.......
.........##..#.#)#..#....
.....8.8......)#@#..# .
.........#.......h.##
.........##.........#
.........####.####.##
#......### ### ##
........ ....... ......


You could see a black bear and a gnoll.

Vanquished Creatures
  Sigmund (D:3)
  The ghost of TheSexyCheese the Trooper, an amateur BaFi of Elyvilon (D:4)
  Edmund (D:4)
  2 ogres (D:4)
  A centaur (D:5)
  A kobold brigand (D:4)
  A bullfrog (D:4)
  A scorpion (D:4)
  3 hounds
  Crazy Yiuf (D:2)
  A gnoll bouda (D:5)
  4 orc priests (D:4)
  3 iguanas (D:4)
  Terence (D:3)
  Natasha (thrice) (D:3)
  2 orc wizards (D:3)
  Robin (D:2)
  3 adders (D:3)
  6 gnolls
  A dart slug (D:2)
  12 orcs
  4 endoplasms
  3 giant cockroaches
  13 goblins
  7 hobgoblins
  5 jackals
  2 quokkas (D:4)
  6 ball pythons
  3 bats
  4 frilled lizards
  9 kobolds
  6 rats
112 creatures vanquished.

Vanquished Creatures (others)
  5 plants (D:3)
5 creatures vanquished.

Grand Total: 117 creatures vanquished

Notes
Turn   | Place    | Note
-------+----------+-------------------------------------------
     0 | D:1      | jejorda2 the Merfolk Berserker began the quest for the Orb.
     0 | D:1      | Reached XP level 1. HP: 18/18 MP: 1/1
   362 | D:1      | Reached XP level 2. HP: 19/24 MP: 2/2
   942 | D:2      | You fall into a shaft and drop 1 floor!
  1006 | D:3      | Reached XP level 3. HP: 29/29 MP: 3/3
  1032 | D:3      | Reached skill level 5 in Polearms
  1185 | D:3      | Gained mutation: You occasionally shout uncontrollably at
                  | your foes. [potion of mutation]
  1185 | D:3      | Gained mutation: You frequently scream uncontrollably at
                  | your foes. [potion of mutation]
  1185 | D:3      | Gained mutation: Your spells are a little easier to cast,
                  | but a little less powerful. [potion of mutation]
  1185 | D:3      | Gained mutation: You are robust. (+10% HP) [potion of
                  | mutation]
  1198 | D:3      | Reached XP level 4. HP: 7/40 MP: 4/4
  1465 | D:3      | Noticed Sigmund
  1475 | D:3      | Killed Sigmund
  1476 | D:3      | Reached skill level 6 in Polearms
  1476 | D:3      | Reached XP level 5. HP: 47/47 MP: 5/5
  1476 | D:3      | Reached XP level 6. HP: 53/53 MP: 6/6
  1573 | D:3      | Noticed Natasha
  1580 | D:3      | Killed Natasha
  1581 | D:3      | Reached skill level 7 in Polearms
  1622 | D:3      | Reached ** piety under Trog
  1696 | D:3      | Found a blossoming altar of Fedhas.
  1697 | D:3      | Found a faded altar of an unknown god.
  1744 | D:3      | Noticed Terence
  1757 | D:3      | Killed Terence
  1930 | D:3      | Noticed Natasha
  1943 | D:3      | Killed Natasha
  1944 | D:3      | Reached skill level 5 in Dodging
  2274 | D:3      | Noticed Natasha
  2432 | D:3      | Found a blossoming altar of Fedhas.
  2433 | D:3      | Found a faded altar of an unknown god.
  2736 | D:2      | Noticed Robin
  2746 | D:2      | Killed Robin
  3136 | D:2      | Found a runed translucent door.
  3137 | D:2      | Noticed Crazy Yiuf
  3295 | D:2      | Killed Crazy Yiuf
  3501 | D:4      | Reached skill level 5 in Fighting
  3501 | D:4      | Reached XP level 7. HP: 61/61 MP: 7/7
  3507 | D:4      | Reached skill level 8 in Polearms
  3751 | D:4      | Reached *** piety under Trog
  3755 | D:4      | Reached skill level 9 in Polearms
  3778 | D:3      | Killed Natasha
  3903 | D:4      | Found a runed translucent gate.
  3903 | D:4      | Found a runed translucent gate.
  3903 | D:4      | Found a runed translucent gate.
  3905 | D:4      | Noticed TheSexyCheese's ghost (amateur BaFi)
  4040 | D:4      | Noticed Edmund
  4046 | D:4      | Killed Edmund
  4047 | D:4      | Reached XP level 8. HP: 70/70 MP: 8/8
  4138 | D:4      | Reached skill level 10 in Polearms
  4556 | D:4      | Killed TheSexyCheese's ghost
  4557 | D:4      | Reached skill level 11 in Polearms
  4639 | D:5      | Entered Level 5 of the Dungeon
  4812 | D:5      | Found a hide-covered altar of Uskayaw.
  4816 | D:5      | Reached skill level 12 in Polearms
  4831 | D:5      | HP: 3/105 [poisoned by a gnoll]
  4832 | D:5      | Succumbed to a gnoll's poison

Illustrated notes

Levels and vault maps discovered:
D:1:      minmay_arrival_plants_in_alcoves, layout_loops_ring,
          supply_closet_lemuel
D:2:      layout_basic, uniq_crazy_yiuf_cottage, uniq_robin
D:3:      layout_basic, nicolae_overflow_hidden_temple, basic_ecumenical_altar,
          serial_forest, infiniplex_forest_lined_4_way,
          infiniplex_forest_zigzag_1, infiniplex_forest_clump_small,
          infiniplex_forest_pool, infiniplex_forest_clump_tiny,
          infiniplex_forest_clump_diagonal, hangedman_abyss_or_decor_stabs,
          hangedman_abyss_or_decor_lesser_grid, minmay_misc_feat_hallway,
          uniq_terence, uniq_sigmund, uniq_natasha
D:4:      minmay_chambers_of_fours, layout_cave_pools,
          gammafunk_ghost_nasty_kobolds, uniq_edmund
D:5:      layout_cave_pools, grunt_temple_overflow_open, serial_column_ruins,
          column_ruins_hut_ruined, column_ruins_columns_corner,
          column_ruins_grid_4, column_ruins_corridor_dead_end,
          minmay_joined_circles

Skill      XL: |  1  2  3  4  5  6  7  8 |
---------------+-------------------------+-----
Dodging        | 3 4 5 6 |  6.0
Polearms       | 5 6 7 9 12 | 12.0
Fighting       | 4 5 6 |  6.0
Armour         | |  1.3

Action                     |  1- 3 |  4- 6 |  7- 9 || total
---------------------------+-------+-------+-------++-------
  Melee: Spear             |    73 |    27 |       ||   100
         Halberd           |       |   121 |   154 ||   275
  Throw: Stone             |       |       |     1 ||     1
 Invoke: Berserk           |     1 |     3 |     4 ||     8
         Trog's Hand       |       |       |     1 ||     1
    Use: Potion            |     3 |       |       ||     3
 Armour: Ring mail         |     4 |       |       ||     4
         Fire dragon scale |    39 |     6 |       ||    45
         Chain mail        |       |    61 |    76 ||   137
  Dodge: Dodged            |    23 |    57 |    68 ||   148

Table legend: (Time is in decaauts)
 A = Elapsed time spent in this place.
 B = Non-inter-level travel time spent in this place.
 C = Inter-level travel time spent in this place.
 D = Time resting spent in this place.
 E = Time spent auto-exploring this place.
 F = Levels seen in this place.
 G = Mean time per level.
                   A        B        C        D        E       F      G
               +--------+--------+--------+--------+--------+-----+--------+
         Total |   4918 |   4643 |    275 |    441 |   3385 |   5 |  983.6 |
       Dungeon |   4918 |   4643 |    275 |    441 |   3385 |   5 |  983.6 |
               +--------+--------+--------+--------+--------+-----+--------+

Top non-repeatable levels by time:
     D:3: 2058 daAuts
     D:4: 995 daAuts
     D:1: 858 daAuts
     D:2: 818 daAuts
     D:5: 188 daAuts
